Map: Lightshade LE

Players

Astrea

  • Race: Protoss Protoss

Neeb - Winner!

  • Race: Protoss Protoss

Event: DreamHack SC2 Masters 2021 Winter

VOD

Have the link to the VOD?

Description

Time

  • Played on: Oct. 17, 2021, 3:22 p.m.
  • Length: 10:34

All games in this series

Show
View Real Time Build Order
Export as new Build Order

Astrea Protoss 

Build Orders: Phoenix Opening, Blink Stalkers 

Get SALT Encoding   

  12  0:00  Probe  
  13  0:12  Probe  
  14  0:17  Pylon  
  14  0:24  Probe (Chrono Boost)  
  15  0:36  Gateway, Probe (Chrono Boost)  
  16  0:43  Probe (Chrono Boost)  
  16  0:45  Assimilator  
  17  0:51  Probe  
  17  0:54  Assimilator  
  18  1:03  Probe (Chrono Boost)  
  19  1:06  Gateway  
  19  1:12  Probe (Chrono Boost)  
  19  1:17  Probe (Chrono Boost)  
  20  1:23  Cybernetics Core  
  21  1:29  Probe  
  22  1:35  Pylon  
  22  1:41  Probe  
  23  1:53  Probe  
  24  1:59  Warp Gate  
  24  2:00  Stalker  
  26  2:03  Sentry  
  26  2:05  Probe  
  29  2:11  Pylon  
  29  2:18  Probe  
  29  2:20  Shield Battery  
  30  2:30  Sentry  
  30  2:31  Stalker  
  34  2:37  Phoenix  
  34  2:50  Nexus  
  34  2:53  Probe  
  35  3:00  Shield Battery  
  35  3:04  Sentry  
  37  3:09  Probe  
  38  3:16  Twilight Council  
  38  3:22  Pylon  
  38  3:24  Probe  
  38  3:26  Phoenix  
  39  3:40  Probe (Chrono Boost)  
  40  3:41  Forge  
  40  3:49  Probe (Chrono Boost)  
  40  3:53  Blink  
  41  3:56  Probe (Chrono Boost)  
  41  4:02  Probe (Chrono Boost)  
  43  4:07  Robotics Facility  
  44  4:10  Phoenix  
  44  4:11  Probe x2 (Chrono Boost)  
  44  4:14  Protoss Ground Weapons Level 1 (Chrono Boost)  
  44  4:16  Probe (Chrono Boost)  
  45  4:18  Probe  
  47  4:28  Probe  
  47  4:31  Probe  
  49  4:40  Gateway, Probe  
  49  4:41  Gateway  
  49  4:43  Probe  
  51  4:46  Assimilator  
  51  4:47  Pylon  
  51  4:52  Probe  
  51  4:53  Phoenix  
  51  4:55  Observer (Chrono Boost), Probe  
  51  4:58  Stalker x2  
  59  5:07  Probe  
  59  5:08  Pylon  
  59  5:15  Immortal (Chrono Boost)  
  63  5:23  Stalker x2  
  67  5:29  Pylon  
  67  5:34  Probe  
  67  5:38  Probe  
  67  5:42  Observer  
  66  5:46  Probe  
  66  5:48  Warp Prism (Chrono Boost)  
  67  5:55  Stalker x4  
  77  6:01  Pylon  
  77  6:05  Observer  
  77  6:11  Pylon  
  77  6:18  Pylon  
  77  6:20  Stalker x4  
  83  6:41  Probe  
  83  6:45  Stalker x4  
  92  6:50  Probe  
  77  7:02  Nexus  
  77  7:09  Stalker x4  
  77  7:11  Probe  
  77  7:12  Probe  
  87  7:18  Shield Battery  
  87  7:19  Charge (Chrono Boost)  
  87  7:22  Pylon  
  87  7:24  Probe  
  87  7:25  Probe  
  89  7:30  Observer  
  89  7:35  Assimilator  
  89  7:36  Probe  
  90  7:37  Adept x2, Probe  
  95  7:48  Probe  
  95  7:50  Robotics Bay  
  96  7:53  Protoss Ground Weapons Level 2  
  96  7:54  Probe  
  96  8:00  Probe  
  97  8:06  Probe  
  97  8:12  Probe  
  99  8:15  Probe  
  99  8:18  Probe  
  99  8:24  Stalker x4, Probe  
  106  8:30  Gateway  
  106  8:32  Gateway  
  106  8:40  Disruptor (Chrono Boost)  
  102  8:41  Photon Cannon  
  102  8:44  Photon Cannon  
  105  8:48  Photon Cannon, Assimilator  
  105  8:49  Assimilator  
  105  8:52  Stalker  
  105  8:53  Stalker  
  109  9:02  Stalker x2  
  113  9:05  Pylon  
  113  9:06  Photon Cannon  
  113  9:07  Disruptor (Chrono Boost)  
  116  9:22  Pylon  
  116  9:23  Pylon  
  113  9:30  Stalker x4  
  113  9:31  Zealot  
  97  9:40  Stalker  
  82  9:47  Disruptor  
  82  9:48  Probe  
  82  9:49  Probe x2  
  66  9:58  Stalker  
  62  10:01  Probe x3  
  63  10:11  Stalker x2  
  63  10:16  Stalker  
  58  10:22  Stalker  
Show
View Real Time Build Order
Export as new Build Order

Neeb Protoss - Winner!

Build Orders: Phoenix Opening, Blink Stalkers 

Get SALT Encoding   

  12  0:00  Probe  
  13  0:12  Probe  
  14  0:17  Pylon  
  14  0:24  Probe (Chrono Boost)  
  15  0:36  Probe (Chrono Boost)  
  15  0:37  Gateway  
  16  0:44  Probe (Chrono Boost)  
  16  0:46  Assimilator  
  17  0:51  Probe  
  18  0:58  Assimilator  
  18  1:03  Probe (Chrono Boost)  
  19  1:09  Gateway  
  19  1:13  Probe (Chrono Boost)  
  19  1:18  Probe (Chrono Boost)  
  21  1:26  Cybernetics Core  
  21  1:29  Probe  
  22  1:36  Pylon  
  22  1:42  Probe  
  23  1:54  Probe  
  24  2:02  Stalker, Sentry  
  24  2:03  Warp Gate  
  24  2:06  Probe  
  29  2:12  Pylon  
  29  2:18  Probe  
  30  2:30  Stalker  
  31  2:48  Nexus  
  31  2:51  Probe  
  32  2:54  Sentry  
  34  3:02  Shield Battery  
  34  3:04  Probe  
  35  3:16  Probe (Chrono Boost)  
  35  3:17  Twilight Council  
  36  3:28  Probe (Chrono Boost)  
  36  3:29  Pylon  
  36  3:30  Phoenix  
  36  3:32  Forge  
  37  3:37  Probe (Chrono Boost)  
  38  3:42  Probe  
  38  3:45  Blink (Chrono Boost)  
  39  3:54  Probe  
  40  3:56  Sentry  
  40  4:00  Probe  
  43  4:04  Protoss Ground Weapons Level 1  
  43  4:06  Probe  
  44  4:12  Probe  
  45  4:18  Probe  
  45  4:23  Robotics Facility  
  46  4:24  Probe  
  46  4:27  Assimilator  
  46  4:31  Probe  
  48  4:32  Stalker  
  48  4:34  Stalker  
  48  4:37  Probe  
  53  4:43  Probe, Pylon  
  54  4:49  Probe  
  55  4:55  Probe  
  55  4:58  Stalker x2  
  60  5:01  Probe  
  61  5:09  Gateway  
  61  5:11  Gateway  
  61  5:14  Observer (Chrono Boost)  
  62  5:17  Probe x2  
  64  5:27  Immortal (Chrono Boost)  
  68  5:41  Stalker x2  
  70  5:47  Nexus, Probe x2  
  70  5:55  Pylon  
  68  5:59  Probe  
  69  6:07  Pylon  
  69  6:09  Probe  
  70  6:13  Shield Battery  
  70  6:14  Stalker x4  
  78  6:22  Charge (Chrono Boost)  
  80  6:25  Probe x2  
  79  6:41  Stalker x3  
  84  6:50  Stalker  
  84  6:51  Probe  
  81  6:54  Immortal (Chrono Boost)  
  81  6:55  Protoss Ground Weapons Level 2 (Chrono Boost)  
  81  6:56  Photon Cannon  
  81  7:00  Probe  
  82  7:02  Probe  
  82  7:04  Probe  
  82  7:05  Adept x2  
  88  7:12  Probe  
  88  7:13  Stalker  
  89  7:17  Stalker  
  89  7:21  Gateway, Probe x2  
  93  7:26  Gateway  
  89  7:32  Gateway  
  89  7:34  Gateway  
  89  7:38  Warp Prism  
  91  7:46  Probe  
  91  7:47  Probe x2  
  91  7:50  Pylon  
  94  7:57  Stalker x4  
  98  8:01  Probe  
  98  8:05  Pylon  
  99  8:10  Probe x2, Pylon  
  99  8:12  Photon Cannon  
  101  8:24  Pylon  
  101  8:25  Zealot x5  
  101  8:26  Pylon  
  109  8:31  Probe x2  
  110  8:39  Zealot x3  
  117  8:42  Pylon  
  117  8:46  Templar Archives  
  117  8:47  Assimilator x2  
  117  8:50  Zealot x2  
  120  8:56  Zealot x2  
  120  9:02  Zealot x3  
  130  9:10  Zealot x3  
  120  9:33  Stalker x5  
  120  9:34  Stalker x2, Zealot  
  108  9:46  Probe  
  108  9:47  Probe  
  90  10:05  Nexus  
  86  10:09  Stalker x6  
  86  10:10  Stalker  
  98  10:18  Pylon  

Tags
 
Add a new tag
Caveats
  • Supply blocks, unpowered buildings, or Contaminate may cause inaccurate times.
  • Supply counts are checked every 10 seconds.